 Dungeon Crawl Stone Soup version 0.29.1-12-g30fa7ad0bf (webtiles) character file.

Game seed: 2560571350228461198

2 kniiight the Chopper (level 1, -2/18 HPs)
             Began as a Minotaur Gladiator on Dec 22, 2022.
             Slain by a gnoll
             ... wielding a +0 spear
              (6 damage)
             ... on level 1 of the Dungeon.
             The game lasted 00:00:15 (110 turns).

kniiight the Chopper (Minotaur Gladiator)            Turns: 110, Time: 00:00:15

Health: -2/18      AC:  3    Str: 18    XL:     1   Next: 33%
Magic:  0/0        EV: 12    Int:  5    God:
Gold:   0          SH:  0    Dex: 11    Spells: 0/0 levels left

rFire   . . .      SeeInvis .   a - +0 war axe
rCold   . . .      Faith    .   (no shield)
rNeg    . . .      Spirit   .   b - +0 leather armour
rPois   .          Reflect  .   c - +0 hat
rElec   .          Harm     .   (no cloak)
rCorr   .          Rampage  .   (no gloves)
Will    .....                   (no boots)
Stlth   +.........              (no amulet)
HPRegen 0.06/turn               (no ring)
MPRegen 0.07/turn               (no ring)

@: no status effects
A: horns 2, retaliatory headbutt
a: no special abilities


You were on level 1 of the Dungeon.
You visited 1 branch of the dungeon, and saw 1 of its levels.

Inventory:

Hand Weapons
 a - a +0 war axe (weapon)
Missiles
 d - 3 throwing nets (quivered)
 e - a javelin
Armour
 b - a +0 leather armour (worn)
 c - a +0 hat (worn)
Scrolls
 f - a scroll of identify {unknown}


   Skills:
 + Level 2.4 Fighting
 + Level 3.6 Axes
 + Level 2.0 Throwing
 + Level 3.4 Dodging


You couldn't memorise any spells.
You didn't know any spells.
Your spell library was empty.

Dungeon Overview and Level Annotations

Branches:
Dungeon (1/15)

Altars:


Innate Abilities, Weirdness & Mutations

You have a pair of horns on your head.
You reflexively headbutt those who attack you in melee.


Message History

There is a stone staircase leading down here.
Found a leather armour.
f - a scroll labelled KIPTOU LEKITA You open the door.
There is an open door here.
There is an open door here.
A hobgoblin comes into view.
The hobgoblin shouts!
A hobgoblin is nearby!
A bat comes into view.
A gnoll comes into view. It is wielding a +0 spear.
You barely miss the bat. Your headbutt misses the bat.
The bat barely misses you. The bat hits you but does no damage.
You hit the hobgoblin. Your headbutt misses the hobgoblin.
The hobgoblin is almost dead.
The hobgoblin hits you.
You hit the hobgoblin.
You kill the hobgoblin!
The bat closely misses you. You furiously retaliate!
You headbutt the bat.
The gnoll hits you from afar with a +0 spear!
You are too injured to fight recklessly!
You are too injured to fight recklessly!
Unknown command.
The bat misses you. The bat attacks as you move away!
The bat hits you but does no damage. The bat misses you.
The bat closely misses you. The bat attacks as you move away!
The bat hits you but does no damage. x2
The bat hits you.
You closely miss the bat. Your headbutt misses the bat.
The bat is moderately wounded.
The bat hits you but does no damage.
The gnoll hits you from afar with a +0 spear.
* * * LOW HITPOINT WARNING * * *
Sorry, you're not good enough to have a special ability.
You closely miss the bat. Your headbutt misses the bat.
The bat is moderately wounded.
The bat hits you but does no damage.
The gnoll hits you from afar with a +0 spear.
You die...

.....#. . #.# #...###.### ..
... .# #.# #...###+###
#.##†##.#.#.# #...##....#
#.........#.# #...##.....
#.....#####.####...##....#
#.........#.#.......#....#
#.#....g#.#.#.#####.#...^#
.............#'#####.#....#
..#.#...#..@.......##.#....#
. #................##[#....#
#.....#.#...b....##.#.....
#.###.#.#........##.....>.
#. #..##..........##..... ..
#...........#..... ...
#.########..#..... .#. #.#
#..#..... . ...######


You could see a gnoll and a bat.

Vanquished Creatures
  A bat (D:1)
  A hobgoblin (D:1)
2 creatures vanquished.

Notes
Turn   | Place    | Note
-------+----------+-------------------------------------------
     0 | D:1      | kniiight the Minotaur Gladiator began the quest for the
                  | Orb.
     0 | D:1      | Reached XP level 1. HP: 18/18 MP: 0/0
   110 | D:1      | Slain by a gnoll

Illustrated notes

Levels and vault maps discovered:
D:1:      dpeg_arrival_round_b, layout_basic, serial_shops,
          nicolae_diamond_shop, hellmonk_ecumenical_altar_leap_of_faith,
          nicolae_titane

Action                   || total
-------------------------++-------
Melee: War axe           ||     6
Armor: Leather armour    ||     7
Dodge: Dodged            ||     6
